[Event "Rated Blitz game"]
[Site "?"]
[Date "2021.05.23"]
[Round "?"]
[White "YEIKOCASTELLA"]
[Black "maxmil"]
[Result "1-0"]
[ECO "C42"]
[WhiteElo "2423"]
[BlackElo "2356"]
[PlyCount "77"]
[EventDate "2021.??.??"]
[EventType "blitz"]
[TimeControl "180"]

1. e4 e5 2. Nf3 Nf6 3. Nxe5 d6 4. Nxf7 Kxf7 5. d4 Bg4 6. f3 Be6 7. Nc3 c6 8.
Bd3 d5 9. e5 Nh5 10. O-O Qh4 11. f4 g6 12. Be3 Ng7 13. Bf2 Qh6 14. Ne2 Nf5 15.
g4 Nh4 16. f5 gxf5 17. Bxh4 Qxh4 18. gxf5 Rg8+ 19. Kh1 Bh6 20. fxe6+ Kxe6 21.
Rf6+ Ke7 22. Qf1 Nd7 23. Rf7+ Kd8 24. Qf5 Qg4 25. Rxd7+ Kc8 26. Qxg4 Rxg4 27.
Bf5 Rg5 28. Rf7+ Kb8 29. Ng3 a6 30. Rf1 Ka7 31. Bh3 Rag8 32. Nf5 Bg7 33. Nd6 c5
34. Rxb7+ Ka8 35. Rff7 Rg1+ 36. Kxg1 Bxe5+ 37. Kf1 Bxd6 38. Ra7+ Kb8 39. Rfb7#
{Normal} 1-0

[Event "Rated Blitz game"]
[Site "?"]
[Date "2021.05.23"]
[Round "?"]
[White "Radix-junior"]
[Black "adnansendur"]
[Result "0-1"]
[ECO "C42"]
[WhiteElo "2358"]
[BlackElo "2436"]
[PlyCount "72"]
[EventDate "2021.??.??"]
[EventType "blitz"]
[TimeControl "180"]

1. e4 e5 2. Nf3 Nf6 3. Nxe5 d6 4. Nxf7 Kxf7 5. Nc3 Qe8 6. d4 c5 7. Bc4+ Be6 8.
Bxe6+ Qxe6 9. d5 Qe8 10. O-O Nbd7 11. Re1 Qb8 12. a4 g6 13. h3 Bg7 14. Bf4 Re8
15. Bh2 a6 16. f4 Kg8 17. Kh1 Qc7 18. Re2 Rab8 19. Qe1 Kh8 20. e5 Ng8 21. e6
Ndf6 22. Qd2 Ne7 23. g4 b5 24. axb5 axb5 25. g5 Nh5 26. Ne4 Bxb2 27. Ra6 Bg7
28. Nxd6 Nf5 29. Nxe8 Rxe8 30. d6 Qb7+ 31. Kg1 Qxa6 32. d7 Rd8 33. e7 Nxe7 34.
Rxe7 Qc6 35. f5 Bf8 36. Qc3+ Ng7 {Time forfeit} 0-1

[Event "Rated Blitz game"]
[Site "?"]
[Date "2021.05.23"]
[Round "?"]
[White "AliElier"]
[Black "Vox-Dei"]
[Result "1-0"]
[ECO "C42"]
[WhiteElo "2431"]
[BlackElo "2395"]
[PlyCount "91"]
[EventDate "2021.??.??"]
[EventType "blitz"]
[TimeControl "180+2"]

1. e4 e5 2. Nf3 Nf6 3. Nxe5 d6 4. Nxf7 Kxf7 5. Nc3 Be7 6. d4 Re8 7. Bc4+ Be6 8.
Bxe6+ Kxe6 9. O-O Kf7 10. f4 Kg8 11. e5 dxe5 12. fxe5 Nd5 13. Qf3 c6 14. Qf7+
Kh8 15. Bd2 Na6 16. Qh5 Nxc3 17. Bxc3 Qd5 18. Rf7 c5 19. dxc5 Bxc5+ 20. Kh1 Re6
21. Raf1 Rg6 22. R7f3 Re8 23. Qf5 Qe6 24. Qe4 b6 25. b4 Be7 26. a4 Nc7 27. a5
Nd5 28. Bd2 h6 29. c4 Nxb4 30. Bxb4 Bxb4 31. axb6 axb6 32. h3 Bd6 33. Rf5 Be7
34. Qd3 Rd8 35. Qc2 Bc5 36. Rf6 Rxf6 37. exf6 Rg8 38. Qg6 Bd4 39. fxg7+ Rxg7
40. Qxe6 Bc5 41. Qe8+ Kh7 42. Qe4+ Kg8 43. Qd5+ Kh7 44. Qf5+ Kg8 45. Ra1 Rf7
46. Qg6+ {Time forfeit} 1-0

[Event "Rated Blitz game"]
[Site "?"]
[Date "2021.05.23"]
[Round "?"]
[White "Dark32"]
[Black "al41ex"]
[Result "0-1"]
[ECO "C42"]
[WhiteElo "2331"]
[BlackElo "2433"]
[PlyCount "56"]
[EventDate "2021.??.??"]
[EventType "blitz"]
[TimeControl "180+2"]

1. e4 e5 2. Nf3 Nf6 3. Nxe5 d6 4. Nxf7 Kxf7 5. d4 c5 6. Nc3 cxd4 7. Qxd4 Nc6 8.
Qd2 Be6 9. f4 g6 10. Bd3 Bg7 11. O-O Re8 12. f5 gxf5 13. exf5 Bd7 14. Bc4+ Kf8
15. Nd5 Ne5 16. Bb3 Bc6 17. Nf4 Qb6+ 18. Kh1 d5 19. Ne6+ Rxe6 20. fxe6 Re8 21.
Qg5 Rxe6 22. Be3 Nf7 23. Bxb6 Nxg5 24. Bxa7 Nge4 25. c4 Ke7 26. cxd5 Bxd5 27.
Bc2 Ng4 28. Rad1 Bc6 {Time forfeit} 0-1

[Event "Rated Blitz game"]
[Site "?"]
[Date "2021.05.22"]
[Round "?"]
[White "Electracy"]
[Black "TarihselOyunlar"]
[Result "0-1"]
[ECO "C42"]
[WhiteElo "2429"]
[BlackElo "2428"]
[PlyCount "36"]
[EventDate "2021.??.??"]
[EventType "blitz"]
[TimeControl "300"]

1. e4 e5 2. Nf3 Nf6 3. Nxe5 d6 4. Nxf7 Kxf7 5. Nc3 c6 6. d4 d5 7. Bg5 dxe4 8.
Nxe4 Be7 9. Bc4+ Be6 10. Bxe6+ Kxe6 11. Nc5+ Bxc5 12. Qe2+ Kf7 13. dxc5 Re8 14.
Be3 Nbd7 15. O-O-O Kg8 16. Qc4+ Kh8 17. Bg5 Qa5 18. Qf7 Qxc5 {Normal} 0-1

[Event "Rated Blitz game"]
[Site "?"]
[Date "2021.05.21"]
[Round "?"]
[White "Campeondepaz"]
[Black "pawnsgambit2000"]
[Result "0-1"]
[ECO "C42"]
[WhiteElo "2294"]
[BlackElo "2401"]
[PlyCount "92"]
[EventDate "2021.??.??"]
[EventType "blitz"]
[TimeControl "300"]

1. e4 e5 2. Nf3 Nf6 3. Nxe5 d6 4. Nxf7 Kxf7 5. d4 d5 6. e5 Ng8 7. Bd3 Be6 8.
Qh5+ g6 9. Bxg6+ hxg6 10. Qxh8 Nd7 11. Qh7+ Bg7 12. O-O Ne7 13. Bg5 Qh8 14.
Qxh8 Rxh8 15. Nd2 c5 16. c3 Rh5 17. Be3 Bh6 18. Bxh6 Rxh6 19. f4 Ke8 20. Nf3
Bf5 21. Ng5 Nf8 22. dxc5 Ne6 23. Nxe6 Bxe6 24. b4 Nf5 25. g3 Ne3 26. Rf3 Nc4
27. a4 Kd7 28. b5 Rh8 29. Rd1 Rc8 30. Rf2 Rxc5 31. Rd3 Bf5 32. Rd1 Ke6 33. Ra1
b6 34. Kg2 Ne3+ 35. Kf3 Rxc3 36. Ke2 Ng4 37. Rf3 Rc2+ 38. Ke1 Nxh2 39. Rf2 Ng4
40. Rxc2 Bxc2 41. Kd2 Bb3 42. Kc3 Bc4 43. Kb4 Ne3 44. Rh1 d4 45. Rh7 Bd5 46.
Rxa7 Nc2# {Normal} 0-1

[Event "Rated Blitz tournament zULHaOaL"]
[Site "?"]
[Date "2021.05.20"]
[Round "?"]
[White "Schach_du_Nase"]
[Black "TheRealBatman1"]
[Result "0-1"]
[ECO "C42"]
[WhiteElo "2522"]
[BlackElo "2252"]
[PlyCount "126"]
[EventDate "2021.??.??"]
[EventType "blitz"]
[TimeControl "180"]

1. e4 e5 2. Nf3 Nf6 3. Nxe5 d6 4. Nxf7 Kxf7 5. d4 Be7 6. Nc3 Rf8 7. Bc4+ d5 8.
Nxd5 Be6 9. O-O c6 10. Ne3 Bxc4 11. Nxc4 Kg8 12. f3 Nbd7 13. Be3 Nb6 14. Qd3
Kh8 15. Rad1 Qd7 16. h3 Rad8 17. Ne5 Qe6 18. c4 Bd6 19. f4 c5 20. d5 Qe8 21.
Qc3 Nbd7 22. Nxd7 Nxe4 23. Qd3 Rxd7 24. Rfe1 Re7 25. Bc1 Bxf4 26. Bxf4 Rxf4 27.
Re3 Nf2 28. Rde1 Nxd3 29. Rxe7 Qxe7 30. Rxe7 h6 31. b3 Kg8 32. Rxb7 Rf7 33.
Rb8+ Kh7 34. a3 Rd7 35. b4 cxb4 36. axb4 Kg6 37. Kf1 Kf5 38. Ke2 Ke4 39. d6
Nf4+ 40. Kf2 Kd4 41. c5 Nd3+ 42. Ke2 Nf4+ 43. Kf3 Nd3 44. Ke2 Rf7 45. c6 Rf2+
46. Kd1 Rf1+ 47. Ke2 Rf2+ 48. Kd1 Ra2 49. c7 Ra1+ 50. Kc2 Ra2+ 51. Kb3 Rb2+ 52.
Ka4 Ra2+ 53. Kb5 a6+ 54. Kb6 Rb2 55. Ka7 Rxb4 56. Rxb4+ Nxb4 57. c8=Q Nc6+ 58.
Qxc6 Kd3 59. d7 Kd4 60. d8=Q+ Ke3 61. Qe6+ Kf2 62. Qd4+ Kg3 63. Qee4 Kh2 {
Time forfeit} 0-1

[Event "Rated Blitz game"]
[Site "?"]
[Date "2021.05.20"]
[Round "?"]
[White "MuffinouBrownie"]
[Black "compte_galere"]
[Result "0-1"]
[ECO "C42"]
[WhiteElo "2411"]
[BlackElo "2473"]
[PlyCount "74"]
[EventDate "2021.??.??"]
[EventType "blitz"]
[TimeControl "180"]

1. e4 e5 2. Nf3 Nf6 3. Nxe5 d6 4. Nxf7 Kxf7 5. d4 c5 6. Bc4+ Be6 7. d5 Bg4 8.
f3 Bh5 9. O-O Nbd7 10. Nc3 a6 11. a4 Be7 12. Qe1 Rf8 13. f4 Kg8 14. e5 Ne8 15.
Bd2 Nb6 16. Ba2 c4 17. a5 Nd7 18. Bxc4 Nc5 19. Be3 Rc8 20. Bxc5 Rxc5 21. Bb3
Bf7 22. Ne4 Rc8 23. c4 Bg6 24. Kh1 Qc7 25. Rc1 dxe5 26. c5 Rxf4 27. Rxf4 Kh8
28. Rf1 Bxe4 29. Qxe4 Bxc5 30. Rf8+ Bxf8 31. Rxc7 Rxc7 32. h4 Nf6 33. Qxe5 Rc1+
34. Kh2 h6 35. d6 Ng4+ 36. Kg3 Nxe5 37. Kf4 Bxd6 {Normal} 0-1

[Event "Rated Blitz game"]
[Site "?"]
[Date "2021.05.19"]
[Round "?"]
[White "RatzFatzWeg"]
[Black "Vox-Dei"]
[Result "1-0"]
[ECO "C42"]
[WhiteElo "2514"]
[BlackElo "2476"]
[PlyCount "105"]
[EventDate "2021.??.??"]
[EventType "blitz"]
[TimeControl "180+2"]

1. e4 e5 2. Nf3 Nf6 3. Nxe5 d6 4. Nxf7 Kxf7 5. Nc3 Be7 6. Bc4+ Be6 7. Bxe6+
Kxe6 8. d4 Rf8 9. Qe2 Kf7 10. e5 dxe5 11. dxe5 Nc6 12. exf6 Bxf6 13. Qc4+ Kg6
14. O-O Qd7 15. Be3 Qf5 16. Nd5 Be5 17. Qxc6+ bxc6 18. Ne7+ Kf6 19. Nxf5 Kxf5
20. Rab1 Rfb8 21. b3 a5 22. a4 Bc3 23. Rbd1 Rd8 24. f3 Bb4 25. g4+ Ke6 26. Kf2
Bd6 27. h3 Rf8 28. Rfe1 Kd7 29. Bg5 Rf7 30. Rd3 Raf8 31. Re4 Kc8 32. Bd2 Bc5+
33. Ke2 Bb6 34. Re5 c5 35. c4 c6 36. Be1 Kb7 37. Bf2 Bc7 38. Rxc5 Re8+ 39. Kf1
g6 40. Re3 Rfe7 41. Rxe7 Rxe7 42. h4 Bb6 43. Rg5 Bd8 44. Bg3 Rd7 45. Re5 Bc7
46. Ke2 Bxe5 47. Bxe5 Re7 48. f4 c5 49. Kf3 Kc6 50. Bc3 Rb7 51. Bxa5 Rxb3+ 52.
Ke4 Rc3 53. Bxc3 {Normal} 1-0

[Event "Rated Blitz game"]
[Site "?"]
[Date "2021.05.18"]
[Round "?"]
[White "brmbolec"]
[Black "Huljuttelija"]
[Result "1-0"]
[ECO "C42"]
[WhiteElo "2526"]
[BlackElo "2508"]
[PlyCount "65"]
[EventDate "2021.??.??"]
[EventType "blitz"]
[TimeControl "180"]

1. e4 e5 2. Nf3 Nf6 3. Nxe5 d6 4. Nxf7 Kxf7 5. Nc3 c5 6. Bc4+ d5 7. Nxd5 Be6 8.
Qf3 Nc6 9. Nxf6 Qxf6 10. Bxe6+ Kxe6 11. Qb3+ Kd6 12. O-O Kc7 13. c3 g5 14. d3
Bd6 15. g3 g4 16. Be3 Ne5 17. d4 Nf3+ 18. Kg2 Ng5 19. f4 gxf3+ 20. Kh1 Nxe4 21.
Qd5 Rae8 22. dxc5 Bxg3 23. Rad1 Qh4 24. Qd7+ Kb8 25. h3 Rd8 26. Qf5 Rxd1 27.
Rxd1 Re8 28. c6 bxc6 29. Bxa7+ Kxa7 30. Qa5+ Kb7 31. Rd7+ Kb8 32. Qa7+ Kc8 33.
Qb7# {Normal} 1-0

[Event "Rated Blitz game"]
[Site "?"]
[Date "2021.05.18"]
[Round "?"]
[White "quick_Mate"]
[Black "micfel"]
[Result "1-0"]
[ECO "C42"]
[WhiteElo "2635"]
[BlackElo "2466"]
[PlyCount "47"]
[EventDate "2021.??.??"]
[EventType "blitz"]
[TimeControl "180"]

1. e4 e5 2. Nf3 Nf6 3. Nxe5 d6 4. Nxf7 Kxf7 5. d4 c6 6. Bd3 Be7 7. O-O Nbd7 8.
f4 Qb6 9. c3 Ke8 10. Kh1 d5 11. e5 Ne4 12. Nd2 Nxd2 13. Bxd2 Nf8 14. f5 Kd8 15.
b4 a5 16. a3 axb4 17. axb4 Rxa1 18. Qxa1 h6 19. Qa8 Bg5 20. Be1 Nd7 21. e6 Nf6
22. b5 c5 23. c4 cxd4 24. Ba5 {Normal} 1-0

[Event "Rated Blitz game"]
[Site "?"]
[Date "2021.05.18"]
[Round "?"]
[White "Denizatesi"]
[Black "Osvetnik67"]
[Result "1-0"]
[ECO "C42"]
[WhiteElo "2455"]
[BlackElo "2432"]
[PlyCount "67"]
[EventDate "2021.??.??"]
[EventType "blitz"]
[TimeControl "180"]

1. e4 e5 2. Nf3 Nf6 3. Nxe5 d6 4. Nxf7 Kxf7 5. d4 g6 6. Nc3 c6 7. Bd3 Bg7 8.
O-O Re8 9. f4 Kg8 10. e5 dxe5 11. dxe5 Nd5 12. Ne4 Bf5 13. Nd6 Bxd3 14. Qxd3
Rf8 15. c4 Ne7 16. b4 Nd7 17. Bb2 c5 18. a3 Nc6 19. Qd5+ Kh8 20. Nf7+ Rxf7 21.
Qxf7 Nb6 22. Rad1 Qf8 23. Qxb7 Rc8 24. Rd6 Nd8 25. Qa6 cxb4 26. axb4 Nxc4 27.
Qxc8 Nxd6 28. Qc7 Nb5 29. Qd7 a6 30. Rc1 g5 31. Rc8 Qxb4 32. Rxd8+ Bf8 33. e6+
Nc3 34. Bxc3+ {Normal} 1-0

[Event "Rated Blitz game"]
[Site "?"]
[Date "2021.05.17"]
[Round "?"]
[White "Belyakov_Bogdan"]
[Black "Cryptochess"]
[Result "0-1"]
[ECO "C42"]
[WhiteElo "2697"]
[BlackElo "2597"]
[PlyCount "132"]
[EventDate "2021.??.??"]
[EventType "blitz"]
[TimeControl "180"]

1. e4 e5 2. Nf3 Nf6 3. Nxe5 d6 4. Nxf7 Kxf7 5. d4 Be7 6. Bc4+ Be6 7. Bxe6+ Kxe6
8. Nc3 Re8 9. f4 Kf7 10. e5 dxe5 11. fxe5 Kg8 12. O-O Nd5 13. Qf3 Nxc3 14. bxc3
Nc6 15. Qf7+ Kh8 16. Be3 Rf8 17. Qc4 Qd7 18. Rab1 Qg4 19. Qd3 Bg5 20. Bf2 Rad8
21. h3 Qe6 22. Rxb7 Bf4 23. Qe4 Nxe5 24. Bh4 Rde8 25. Rxf4 Rxf4 26. Qxf4 Ng6
27. Qg3 Nxh4 28. Qxh4 Qe3+ 29. Kh2 Qxc3 30. Qe7 Rg8 31. Qe5 Qxc2 32. Rxc7 Qxa2
33. d5 a5 34. d6 Qd2 35. d7 a4 36. Qe7 Qf4+ 37. Kg1 Qxc7 38. Qe8 Qd8 39. Qe6
Qf6 40. Qc4 Rd8 41. Qxa4 Qe7 42. g4 Qxd7 43. Qxd7 Rxd7 44. Kf2 g5 45. Kf3 h6
46. Ke4 Kg7 47. Ke5 Kg6 48. Ke6 Rf7 49. Ke5 Rf6 50. Ke4 Rf4+ 51. Ke3 h5 52.
gxh5+ Kxh5 53. Ke2 Kh4 54. Ke3 Kxh3 55. Ke2 Rf8 56. Ke3 g4 57. Ke2 g3 58. Ke3
g2 59. Ke4 g1=Q 60. Ke5 Qg7+ 61. Ke6 Rf6+ 62. Ke5 Qg5+ 63. Ke4 Rf4+ 64. Ke3
Qg3+ 65. Ke2 Rf2+ 66. Ke1 Qg1# {Normal} 0-1

[Event "Rated Blitz tournament ed3TfTXl"]
[Site "?"]
[Date "2021.05.16"]
[Round "?"]
[White "Saparmyrat"]
[Black "chessas2004"]
[Result "1-0"]
[ECO "C42"]
[WhiteElo "2646"]
[BlackElo "2353"]
[PlyCount "73"]
[EventDate "2021.??.??"]
[EventType "blitz"]
[TimeControl "180"]

1. e4 e5 2. Nf3 Nf6 3. Nxe5 d6 4. Nxf7 Kxf7 5. Nc3 Be6 6. f4 Be7 7. f5 Bd7 8.
Bc4+ Kf8 9. d4 Nc6 10. Be3 Na5 11. Bd3 Nc6 12. Qf3 h5 13. O-O-O Ng4 14. Bg1
Bg5+ 15. Kb1 Bf6 16. h3 Nh6 17. Ne2 Qe7 18. Nf4 Be8 19. Ne6+ Kg8 20. g4 g5 21.
gxh5 Bf7 22. Bc4 Kh7 23. Be3 Rhg8 24. Rhg1 a6 25. h4 Bxe6 26. Bxe6 Rg7 27. hxg5
Bxg5 28. Bxg5 Rxg5 29. f6 Qxe6 30. Rxg5 Rg8 31. d5 Ne5 32. dxe6 Nxf3 33. Rxg8
Nxg8 34. f7 Kg7 35. fxg8=Q+ Kxg8 36. e7 Kf7 37. Rf1 {Normal} 1-0

[Event "Rated Rapid game"]
[Site "?"]
[Date "2021.05.15"]
[Round "?"]
[White "eadwine"]
[Black "lilizizi"]
[Result "1-0"]
[ECO "C42"]
[WhiteElo "2305"]
[BlackElo "2436"]
[PlyCount "24"]
[EventDate "2021.??.??"]
[EventType "rapid"]
[TimeControl "600"]

1. e4 e5 2. Nf3 Nf6 3. Nxe5 d6 4. Nxf7 Kxf7 5. Nc3 Be6 6. d4 Kg8 7. Bd3 Nbd7 8.
O-O c5 9. d5 Bf7 10. f4 a6 11. a4 h5 12. Qf3 Ng4 {Normal} 1-0

[Event "Rated Blitz game"]
[Site "?"]
[Date "2021.05.15"]
[Round "?"]
[White "Carlseng"]
[Black "Sbrze"]
[Result "1-0"]
[ECO "C42"]
[WhiteElo "2458"]
[BlackElo "2300"]
[PlyCount "55"]
[EventDate "2021.??.??"]
[EventType "blitz"]
[TimeControl "180"]

1. e4 e5 2. Nf3 Nf6 3. Nxe5 d6 4. Nxf7 Kxf7 5. Bc4+ d5 6. exd5 Bd6 7. O-O Rf8
8. h3 Kg8 9. Nc3 Nbd7 10. Nb5 Ne5 11. Bb3 Qe8 12. Nxd6 cxd6 13. d4 Ng6 14. c4
Bd7 15. c5 Kh8 16. cxd6 Ne4 17. Be3 Nxd6 18. Rc1 Nh4 19. Bg5 Nf3+ 20. gxf3 Qg6
21. f4 h6 22. Bc2 Qf7 23. h4 hxg5 24. hxg5 Qxf4 25. Qh5+ Kg8 26. Bh7+ Kh8 27.
Bg6+ Kg8 28. Qh7# {Normal} 1-0

[Event "Rated Blitz game"]
[Site "?"]
[Date "2021.05.14"]
[Round "?"]
[White "IldarSal"]
[Black "Kontradmiral"]
[Result "0-1"]
[ECO "C42"]
[WhiteElo "2423"]
[BlackElo "2390"]
[PlyCount "86"]
[EventDate "2021.??.??"]
[EventType "blitz"]
[TimeControl "180+2"]

1. e4 e5 2. Nf3 Nf6 3. Nxe5 d6 4. Nxf7 Kxf7 5. d4 c5 6. Nc3 cxd4 7. Qxd4 Nc6 8.
Bc4+ Be6 9. Bxe6+ Kxe6 10. Qc4+ Kd7 11. O-O Rc8 12. Bf4 a6 13. Rad1 b5 14. Qd3
Ke8 15. Rfe1 Be7 16. h3 Kf7 17. g4 h6 18. Ne2 Ne5 19. Bxe5 dxe5 20. Qb3+ Rc4
21. Rxd8 Rxd8 22. f3 Bc5+ 23. Kf1 Rd2 24. c3 Nh7 25. Rd1 Rxd1+ 26. Qxd1 Ng5 27.
Qd7+ Be7 28. Kg2 Ne6 29. Ng3 g6 30. Ne2 Rc7 31. Qd5 Kf6 32. Kf2 Bc5+ 33. Ke1 b4
34. h4 bxc3 35. bxc3 Rc8 36. Nc1 Rd8 37. Qc6 Rd6 38. Qc8 Be3 39. Nb3 Nf4 40.
Qf8+ Ke6 41. c4 Rd3 42. c5 Bd4 43. Qe8+ Kf6 {Time forfeit} 0-1

[Event "Rated Blitz tournament aM1diYo4"]
[Site "?"]
[Date "2021.05.13"]
[Round "?"]
[White "mrataque"]
[Black "MonchoValerio"]
[Result "1-0"]
[ECO "C42"]
[WhiteElo "2441"]
[BlackElo "2286"]
[PlyCount "87"]
[EventDate "2021.??.??"]
[EventType "blitz"]
[TimeControl "180+2"]

1. e4 e5 2. Nf3 Nf6 3. Nxe5 d6 4. Nxf7 Kxf7 5. d4 c5 6. Bc4+ Be6 7. d5 Bd7 8.
Nc3 a6 9. a4 Be7 10. e5 Re8 11. e6+ Kg8 12. exd7 Nbxd7 13. O-O Ne5 14. Ba2 Rb8
15. Bf4 Ng6 16. Bg3 b5 17. axb5 axb5 18. Re1 Qd7 19. Qd2 Bf8 20. h3 Qf5 21. f3
Nh5 22. Bh2 Nhf4 23. Re4 Rxe4 24. Nxe4 Ra8 25. Qe1 c4 26. b3 Ne5 27. bxc4 Nxh3+
28. Kf1 Nf4 29. cxb5 Nxg2 30. Kxg2 Qxf3+ 31. Kg1 Qg4+ 32. Kf1 Qh3+ 33. Ke2
Qxh2+ 34. Qf2 Qh5+ 35. Kd2 Nf3+ 36. Ke3 Ra3+ 37. c3 Ne5 38. Qe2 Qh3+ 39. Kd2 g6
40. b6 Bh6+ 41. Kc2 Qc8 42. Qb5 Bg7 43. b7 Qb8 44. Nxd6 {Time forfeit} 1-0

[Event "Rated Blitz game"]
[Site "?"]
[Date "2021.05.13"]
[Round "?"]
[White "xadrezsoccer21"]
[Black "semnik"]
[Result "1/2-1/2"]
[ECO "C42"]
[WhiteElo "2445"]
[BlackElo "2448"]
[PlyCount "115"]
[EventDate "2021.??.??"]
[EventType "blitz"]
[TimeControl "180"]

1. e4 e5 2. Nf3 Nf6 3. Nxe5 d6 4. Nxf7 Kxf7 5. d4 c6 6. Bd3 Be7 7. O-O Rf8 8.
f4 Kg8 9. c3 g6 10. Nd2 d5 11. e5 Ne8 12. Nf3 Ng7 13. h3 Bf5 14. g4 Be4 15. Qc2
Bxd3 16. Qxd3 c5 17. Be3 Nc6 18. dxc5 Ne6 19. f5 Nxc5 20. Bxc5 Bxc5+ 21. Kg2 d4
22. Qc4+ Kh8 23. Qxc5 gxf5 24. Nxd4 fxg4 25. Rxf8+ Qxf8 26. Qxf8+ Rxf8 27. Nxc6
gxh3+ 28. Kxh3 bxc6 29. Rd1 Re8 30. Re1 Kg7 31. Kg4 Kg6 32. Kf4 Kf7 33. Kf5 h5
34. Rd1 Ke7 35. Rd6 Rf8+ 36. Ke4 Rh8 37. Rxc6 h4 38. Rc7+ Ke6 39. Rg7 h3 40.
Rg6+ Ke7 41. Rg1 h2 42. Rh1 Ke6 43. c4 Rh4+ 44. Kd3 Kxe5 45. b4 Rh3+ 46. Kc2
Kd4 47. c5 Kc4 48. a3 Kb5 49. Kb2 a5 50. bxa5 Kxc5 51. a4 Kc6 52. Kc2 Kb7 53.
Kd2 Ka6 54. Ke2 Kxa5 55. Kf2 Kxa4 56. Kg2 Rh8 57. Rxh2 Rxh2+ 58. Kxh2 {Normal}
1/2-1/2

[Event "Rated Blitz game"]
[Site "?"]
[Date "2021.05.13"]
[Round "?"]
[White "Electracy"]
[Black "TarihselOyunlar"]
[Result "0-1"]
[ECO "C42"]
[WhiteElo "2437"]
[BlackElo "2347"]
[PlyCount "84"]
[EventDate "2021.??.??"]
[EventType "blitz"]
[TimeControl "300"]

1. e4 e5 2. Nf3 Nf6 3. Nxe5 d6 4. Nxf7 Kxf7 5. d4 g6 6. Nc3 Kg7 7. Bd3 Be7 8.
O-O c5 9. d5 Re8 10. f4 Bf8 11. b3 Na6 12. a3 Nc7 13. Bb2 Kg8 14. e5 Nfxd5 15.
Bc4 dxe5 16. Nxd5 Nxd5 17. Bxd5+ Be6 18. Bxe6+ Rxe6 19. Qg4 Qe8 20. Bxe5 Rd8
21. Bc3 Bg7 22. Bxg7 Kxg7 23. f5 Re4 24. f6+ Kf7 25. Qh3 h5 26. Kh1 Rd2 27. Qg3
Ree2 28. Qc7+ Qd7 29. Qxd7+ Rxd7 30. Rae1 Rxe1 31. Rxe1 Kxf6 32. h3 Rd2 33. Re8
Rxc2 34. Rb8 b6 35. Rb7 Rc3 36. Rxa7 Rxb3 37. Ra6 Ke5 38. a4 Rb1+ 39. Kh2 Kd4
40. a5 bxa5 41. Rxa5 c4 42. Rg5 c3 {Normal} 0-1

[Event "Rated Blitz game"]
[Site "?"]
[Date "2021.05.13"]
[Round "?"]
[White "Jaguar_92"]
[Black "mufiks"]
[Result "1-0"]
[ECO "C42"]
[WhiteElo "2649"]
[BlackElo "2625"]
[PlyCount "81"]
[EventDate "2021.??.??"]
[EventType "blitz"]
[TimeControl "180"]

1. e4 e5 2. Nf3 Nf6 3. Nxe5 d6 4. Nxf7 Kxf7 5. d4 c5 6. Nc3 Nc6 7. Bc4+ Ke8 8.
dxc5 dxc5 9. Qxd8+ Kxd8 10. Bg5 h6 11. O-O-O+ Bd7 12. Bxf6+ gxf6 13. Be6 Nb8
14. Rxd7+ Nxd7 15. Rd1 Ke7 16. Bxd7 Rd8 17. Bf5 Rxd1+ 18. Kxd1 Kd6 19. Ke2 a6
20. f4 h5 21. Nd5 Bg7 22. Nb6 Kc6 23. Nd5 b5 24. h4 Kd6 25. g3 a5 26. Ne3 a4
27. Bg6 Bf8 28. Bf7 c4 29. a3 Kc5 30. c3 Rh7 31. Be8 Re7 32. Bg6 Re6 33. Kf3 b4
34. axb4+ Kb5 35. Bxh5 Bxb4 36. cxb4 Kxb4 37. Bf7 Rc6 38. h5 Kb3 39. h6 Kxb2
40. Nxc4+ Kc3 41. h7 {Normal} 1-0

[Event "Rated Blitz game"]
[Site "?"]
[Date "2021.05.13"]
[Round "?"]
[White "chickenReturn"]
[Black "tumedikitoalegre"]
[Result "0-1"]
[ECO "C42"]
[WhiteElo "2463"]
[BlackElo "2523"]
[PlyCount "79"]
[EventDate "2021.??.??"]
[EventType "blitz"]
[TimeControl "180"]

1. e4 e5 2. Nf3 Nf6 3. Nxe5 d6 4. Nxf7 Kxf7 5. Bc4+ d5 6. exd5 Bd6 7. O-O Nbd7
8. d4 Re8 9. Bd3 Kg8 10. c4 c5 11. dxc6 bxc6 12. c5 Bf8 13. Nc3 a5 14. Bf4 Ba6
15. Bxa6 Rxa6 16. Qb3+ Kh8 17. Rae1 Rxe1 18. Rxe1 Ra8 19. Qf7 a4 20. g4 Nxg4
21. Qe6 Ndf6 22. Rd1 Qd7 23. Qxd7 Nxd7 24. d5 cxd5 25. c6 Nb6 26. Nxd5 Nxd5 27.
Rxd5 Nf6 28. Rb5 Kg8 29. c7 Nd7 30. Rd5 Nb6 31. Rd8 Rc8 32. Be3 Rxc7 33. Bxb6
Rc1+ 34. Kg2 Rc2 35. a3 Kf7 36. Bd4 Rd2 37. Bb6 Rxb2 38. Rxf8+ Kxf8 39. Bc5+
Kf7 40. Bb4 {Normal} 0-1

[Event "Rated Blitz game"]
[Site "?"]
[Date "2021.05.13"]
[Round "?"]
[White "RatzFatzWeg"]
[Black "Vox-Dei"]
[Result "0-1"]
[ECO "C42"]
[WhiteElo "2517"]
[BlackElo "2460"]
[PlyCount "98"]
[EventDate "2021.??.??"]
[EventType "blitz"]
[TimeControl "180+2"]

1. e4 e5 2. Nf3 Nf6 3. Nxe5 d6 4. Nxf7 Kxf7 5. Nc3 Be7 6. Bc4+ Be6 7. Bxe6+
Kxe6 8. d4 Rf8 9. O-O Kf7 10. f4 Kg8 11. Be3 c6 12. Qe2 d5 13. e5 Nfd7 14. Rae1
Nb6 15. b3 a5 16. Nd1 a4 17. f5 axb3 18. axb3 Bg5 19. Qg4 Bxe3+ 20. Nxe3 Qd7
21. Qg5 h6 22. Qh4 Na6 23. f6 gxf6 24. Qxh6 Qh7 25. Rxf6 Qxh6 26. Rxh6 Kg7 27.
Rh5 Kg6 28. g4 Rh8 29. Rf5 Raf8 30. Ref1 Rxf5 31. gxf5+ Kg5 32. f6 Nc7 33. f7
Ne6 34. Rf6 Nf8 35. Rd6 Rh6 36. Rd8 Nbd7 37. Kg2 Kf4 38. Nd1 Ke4 39. c3 Rg6+
40. Kf2 Kd3 41. h4 Re6 42. Kg3 Re7 43. Kh3 Rxf7 44. e6 Nxe6 45. h5 Nf4+ 46. Kh4
Nf6 47. h6 Ne4 48. Rh8 Ng6+ 49. Kh5 Nxh8 {Normal} 0-1

[Event "Rated Blitz game"]
[Site "?"]
[Date "2021.05.13"]
[Round "?"]
[White "xadrezsoccer21"]
[Black "adnansendur"]
[Result "1-0"]
[ECO "C42"]
[WhiteElo "2413"]
[BlackElo "2370"]
[PlyCount "81"]
[EventDate "2021.??.??"]
[EventType "blitz"]
[TimeControl "180"]

1. e4 e5 2. Nf3 Nf6 3. Nxe5 d6 4. Nxf7 Kxf7 5. d4 Qe8 6. Bd3 c5 7. c3 cxd4 8.
cxd4 Nc6 9. O-O Nxd4 10. Bc4+ Ne6 11. f4 Qc6 12. Qb3 Ke7 13. e5 dxe5 14. fxe5
Qc5+ 15. Be3 Qxe5 16. Nd2 Nc5 17. Bxc5+ Qxc5+ 18. Kh1 Kd8 19. Rac1 Qb6 20. Qg3
Bd7 21. Bb3 Rc8 22. Nc4 Qc7 23. Qg5 h6 24. Qg6 b5 25. Ne3 Qxc1 26. Rxc1 Rxc1+
27. Bd1 Be7 28. h3 Re8 29. Qg3 Nd5 30. Qb8+ Bc8 31. Qxa7 Nxe3 32. Qb6+ Kd7 33.
Qxb5+ Kd8 34. Qa5+ Rc7 35. Bf3 Bc5 36. Qd2+ Rd7 37. Qa5+ Ke7 38. Qxc5+ Kf6 39.
Qc3+ Kf7 40. Kh2 Kg8 41. Qb3+ {Time forfeit} 1-0

[Event "Rated Blitz game"]
[Site "?"]
[Date "2021.05.13"]
[Round "?"]
[White "Frolov_75"]
[Black "pulchrum-oculis"]
[Result "0-1"]
[ECO "C42"]
[WhiteElo "2297"]
[BlackElo "2403"]
[PlyCount "132"]
[EventDate "2021.??.??"]
[EventType "blitz"]
[TimeControl "180"]

1. e4 e5 2. Nf3 Nf6 3. Nxe5 d6 4. Nxf7 Kxf7 5. d4 c5 6. Bc4+ d5 7. exd5 cxd4 8.
O-O Bd6 9. Bg5 Bf5 10. Qxd4 Nbd7 11. Nc3 Rf8 12. Nb5 Nb6 13. Nxd6+ Qxd6 14. Bf4
Qd7 15. d6+ Nxc4 16. Qxc4+ Be6 17. Qd4 b6 18. Rad1 Rfe8 19. b3 Rac8 20. c4 Kg8
21. Bg5 Qf7 22. h3 Rcd8 23. Rfe1 Bd7 24. Rxe8+ Rxe8 25. Be3 Qg6 26. Rd2 Bxh3
27. g3 Bd7 28. b4 Ne4 29. Rd1 Nxg3 30. Qd5+ Kh8 31. Qg2 Nf5 32. Qxg6 hxg6 33.
Rd3 Nxe3 34. fxe3 Kg8 35. c5 bxc5 36. bxc5 Rc8 37. Rc3 Kf7 38. Kf2 Ke6 39. Kf3
Kd5 40. e4+ Kd4 41. Rc1 Rxc5 42. Rxc5 Kxc5 43. e5 Kd5 44. Kf4 a5 45. a3 Ke6 46.
Kg5 Be8 47. Kf4 a4 48. Kg5 Kxe5 49. d7 Bxd7 50. Kxg6 Kd4 51. Kxg7 Kc3 52. Kf6
Kb3 53. Ke5 Kxa3 54. Kd4 Kb2 55. Kd5 a3 56. Kd6 Ba4 57. Ke7 Bb3 58. Kd6 a2 59.
Ke5 a1=Q 60. Kd4 Qc1 61. Ke5 Qc4 62. Kd6 Qd5+ 63. Ke7 Qe6+ 64. Kd8 Qf7 65. Kc8
Bd5 66. Kb8 Qb7# {Normal} 0-1

[Event "Rated Blitz game"]
[Site "?"]
[Date "2021.05.11"]
[Round "?"]
[White "suslik76"]
[Black "adnansendur"]
[Result "1-0"]
[ECO "C42"]
[WhiteElo "2352"]
[BlackElo "2408"]
[PlyCount "69"]
[EventDate "2021.??.??"]
[EventType "blitz"]
[TimeControl "180"]

1. e4 e5 2. Nf3 Nf6 3. Nxe5 d6 4. Nxf7 Kxf7 5. d4 Qe8 6. Bd3 Nc6 7. c3 g6 8.
O-O Kg7 9. Qe2 Be7 10. h3 Rf8 11. f4 Nh5 12. Qe3 Bh4 13. g4 Ng3 14. Rf3 d5 15.
Rxg3 Bxg3 16. Qxg3 dxe4 17. Bc4 Na5 18. Be2 Be6 19. b3 Kh8 20. Be3 b6 21. Nd2
Bd5 22. c4 Bb7 23. d5 Kg8 24. Bd4 c6 25. d6 c5 26. Be5 Nc6 27. Rd1 Rd8 28. Nf1
Nd4 29. Rxd4 cxd4 30. c5 bxc5 31. Bc4+ Rf7 32. h4 e3 33. h5 Qc6 34. Qh3 g5 35.
f5 {Time forfeit} 1-0